 Dungeon Crawl Stone Soup version 0.25-a0-611-g6918904 (webtiles) character file.

Game seed: 1112998205538854204, levelgen mode: deterministic

408 Faels the Cutter (level 6, 47/47 HPs)
             Began as a Demonspawn Fighter on Mar 16, 2020.
             Quit the game on level 3 of the Dungeon.
             The game lasted 00:11:02 (4834 turns).

Faels the Cutter (Demonspawn Fighter)               Turns: 4834, Time: 00:11:03

Health: 47/47      AC:  6    Str: 16    XL:     6   Next: 57%
Magic:  6/6        EV:  7    Int: 10    God:
Gold:   168        SH: 12    Dex: 14    Spells: 5/5 levels left

rFire    . . .     SeeInvis .   a - +0 rapier
rCold    . . .     Gourm    .   c - +0 kite shield
rNeg     . . .     Faith    .   b - +0 scale mail
rPois    .         Spirit   +   (helmet restricted)
rElec    .         Reflect  .   (no cloak)
rCorr    .         Harm     .   (no gloves)
MR       .....     Clarity  +   (no boots)
Stlth    ..........             (no amulet)
HPRegen  0.15/turn              (no ring)
MPRegen  0.10/turn              (no ring)

@: no status effects
A: horns 1, large bone plates 1, clarity, screaming 1, wild magic 1, magic
shield, rot immunity
a: no special abilities


You were on level 3 of the Dungeon.
You were not hungry.

You visited 1 branch of the dungeon, and saw 3 of its levels.
You also visited: Sewer.

You collected 168 gold pieces.

Inventory:

Hand Weapons
 a - a +0 rapier (weapon)
 i - a +2 whip of flaming
 u - a +2 vampiric dagger
 A - a +1 short sword of protection
Missiles
 h - 4 poisoned darts (quivered)
 r - 6 javelins
Armour
 b - a +0 scale mail (worn)
 c - a +0 kite shield (worn)
Scrolls
 d - a scroll of immolation {unknown}
 e - 6 scrolls of teleportation
 j - 2 scrolls of fog {unknown}
 k - a scroll of amnesia {unknown}
 m - a scroll of fear {unknown}
 o - a scroll of noise {unknown}
 p - a scroll of enchant armour {unknown}
 s - a scroll of remove curse {unknown}
 t - a scroll of enchant weapon {unknown}
 y - 3 scrolls of blinking {unknown}
 B - a scroll of identify {unknown}
Potions
 g - a potion of curing
 l - a potion of magic
 n - 2 potions of lignification
 q - a potion of might
 v - a potion of stabbing {unknown}
 w - 3 potions of brilliance
 z - 2 potions of heal wounds
Comestibles
 f - 6 rations
 x - 5 chunks of flesh


   Skills:
 - Level 3.0 Fighting
 * Level 6.3 Short Blades
 - Level 1.0 Throwing
 - Level 2.6 Armour
 - Level 0.5 Dodging
 - Level 2.6 Shields


You had 5 spell levels left.
You didn't know any spells.
Your spell library was empty.

Dungeon Overview and Level Annotations

Branches:
Dungeon (3/15)              Sewer (visited)

Altars:
Gozag

Annotations:
D:3 Blork the orc


Innate Abilities, Weirdness & Mutations

You are partially covered in large bone plates. (SH +4)
When hurt, damage is shared between your health and your magic reserves.
You are immune to rotting.
You have a pair of small horns on your head.
You possess an exceptional clarity of mind.
You occasionally shout uncontrollably at your foes.
Your spells are a little harder to cast, but a little more powerful.


Message History

a +0 trident; an orc skeleton
Things that are here:
an orc skeleton; an adder skeleton
There is an opulent altar of Gozag here.
You open the door.
There is an open door here.
Some of the chunks of flesh in your inventory have rotted away.
As you open the door, it creaks loudly!
You see here 18 sling bullets.
You see here a +0 club.
Some of the chunks of flesh in your inventory have rotted away.
Some of the chunks of flesh in your inventory have rotted away.
Blork the orc comes into view.
He is wielding a +0 dire flail.
Blork the orc shouts!
Found an escape hatch in the floor.
Okay, then.
Blork the orc looks braver for a moment.
Quiver which item? (- for none, * to show all) (? for menu, Esc to quit)
Okay, then.
Are you sure you want to abandon this character and quit the game? (Confirm with "yes".)

####..........##.#.##.#
#.............##.#.##.#
#.............##...#############
#.............###....≈≈≈≈≈≈≈≈≈.##
#.....######.........≈≈≈≈.≈≈≈≈..#
##.#### #.........≈≈≈≈≈≈≈≈≈..#
#.# #........###########.# #.#
#.....[....#.......... #.##
#....@.....#.######### #..#
#.......#..#.# ##.#
#.......#..#.#
#.########.......####'##
#........####..........#
###..#####.# #(.........#
.....#..(# ## #..........#
###..#...#..# #..........#
##...#...#.. #..........#


There were no monsters in sight!

Vanquished Creatures
  2 bullfrogs (Sewer)
  11 adders
  4 river rats (Sewer)
  3 oozes (D:3)
  2 worms (D:2)
  3 dart slugs
  5 leopard geckos
  3 orcs (D:3)
  4 giant cockroaches
  8 goblins
  8 hobgoblins
  2 quokkas
  14 ball pythons
  9 bats
  11 frilled lizards
  11 kobolds
  35 rats
135 creatures vanquished.

Notes
Turn   | Place    | Note
-------+----------+-------------------------------------------
     0 | D:1      | Faels the Demonspawn Fighter began the quest for the Orb.
     0 | D:1      | Reached XP level 1. HP: 18/18 MP: 1/1
    47 | D:1      | Reached skill level 2 in Short Blades
   277 | D:1      | Gained mutation: You are immune to rotting. [demonic
                  | ancestry]
   277 | D:1      | Reached XP level 2. HP: 19/24 MP: 2/2
   429 | D:1      | HP: 1/24 [kobold/+0 whip (1)]
   917 | D:1      | Reached skill level 3 in Short Blades
  1010 | D:1      | Gained mutation: You are partially covered in large bone
                  | plates. (SH +4) [demonic ancestry]
  1010 | D:1      | Reached XP level 3. HP: 29/29 MP: 3/3
  1949 | D:2      | Gained mutation: When hurt, damage is shared between your
                  | health and your magic reserves. [demonic ancestry]
  1949 | D:2      | Reached XP level 4. HP: 22/35 MP: 4/4
  2153 | D:2      | Reached skill level 1 in Throwing
  2385 | D:2      | Reached skill level 4 in Short Blades
  2875 | D:3      | Found a glowing drain.
  2904 | Sewer    | Entered a sewer
  3169 | Sewer    | Reached XP level 5. HP: 32/41 MP: 5/5
  3690 | Sewer    | Reached skill level 5 in Short Blades
  3857 | Sewer    | Gained mutation: Your spells are a little harder to cast,
                  | but a little more powerful. [potion of mutation]
  3857 | Sewer    | Gained mutation: You occasionally shout uncontrollably at
                  | your foes. [potion of mutation]
  3857 | Sewer    | Gained mutation: You have a pair of small horns on your
                  | head. [potion of mutation]
  3857 | Sewer    | Gained mutation: You possess an exceptional clarity of
                  | mind. [potion of mutation]
  3872 | Sewer    | Reached XP level 6. HP: 17/47 MP: 0/6
  4103 | D:3      | Reached skill level 6 in Short Blades
  4336 | D:3      | Found a faded altar of an unknown god.
  4542 | D:3      | Found an opulent altar of Gozag.
  4808 | D:3      | Noticed Blork the orc
  4834 | D:3      | Quit the game

Levels and vault maps discovered:
D:1:      dpeg_arrival_leaves_temple_mockup, layout_basic
D:2:      layout_loops_ring
D:3:      layout_basic, tgw_sif, grunt_gozag_statues,
          chequers_ecumenical_altar_grove, portal_sewer_entry_f, st_stairs_6,
          minmay_misc_feat_pillars, minmay_vboxes

Skill      XL: |  1  2  3  4  5  6 |
---------------+-------------------+-----
Short Blades   | 2 3 4 5 6 |  6.3
Throwing       | 1 |  1.0
Fighting       | |  3.0
Armour         | |  2.6
Dodging        | |  0.5
Shields        | |  2.6

Action                   |  1- 3 |  4- 6 || total
-------------------------+-------+-------++-------
Melee: Rapier            |   162 |   266 ||   428
       Headbutt          |       |    20 ||    20
       Short sword       |       |    48 ||    48
Throw: Dart              |       |    13 ||    13
       Javelin           |       |     1 ||     1
  Use: Potion            |     1 |     9 ||    10
       Scroll            |       |     1 ||     1
  Eat: Chunk             |     3 |    10 ||    13
Armor: Scale mail        |    69 |   154 ||   223
       Skin              |       |    14 ||    14
Dodge: Dodged            |    26 |   111 ||   137
Block: Kite shield       |   101 |   297 ||   398

Table legend:
 A = Non-vault XP
 B = Vault XP
 C = Vault XP percentage of total XP
 D = Non-vault monster count
 E = Vault monster count
 F = Vault count percentage of total count
                 A         B        C        D         E       F
            +---------+---------+-------+---------+---------+-------
      Total |     212 |     371 |  63.6 |      75 |      60 |  44.4
            +---------+---------+-------+---------+---------+-------
        D:1 |      45 |       0 |   0.0 |      25 |       0 |   0.0
        D:2 |     100 |       0 |   0.0 |      28 |       0 |   0.0
        D:3 |      67 |      58 |  46.4 |      22 |      12 |  35.3
      Sewer |       0 |     313 | 100.0 |       0 |      48 | 100.0
            +---------+---------+-------+---------+---------+-------
